 Dungeon Crawl Stone Soup version 0.31-a0-370-g25055926c8 (webtiles) character file.

Game seed: 10271295670196591862

27063 Morbidden the Blocker (level 13, 0/99 HPs)
             Began as a Formicid Fighter on July 29, 2023.
             Was a High Priest of Qazlal.
             Slain by a polar bear (2 damage)
             ... on level 2 of the Lair of Beasts.
             The game lasted 00:20:15 (13727 turns).

Morbidden the Blocker (Formicid Fighter)           Turns: 13727, Time: 00:20:15

Health: 0/99       AC: 28    Str: 21    XL:     13   Next: 62%
Magic:  18/18      EV:  9    Int:  9    God:    Qazlal [*****.]
Gold:   381        SH: 14    Dex: 17    Spells: 12/12 levels left

rFire   + . .        a - +3 scimitar (freeze)
rCold   . . .        c - +0 buckler
rNeg    . . .        m - +1 plate armour
rPois   .            (helmet unavailable)
rElec   +            d - +2 cloak
rCorr   .            x - +2 pair of gloves
SInv    +            H - +0 pair of boots
Will    +....        e - amulet "Mein" {Faith rElec rF+} Stlth
                     (no ring)
HPRegen 0.36/turn    (no ring)
MPRegen 0.16/turn

%: repel missiles, faith
@: protected from physical damage, studying 2 skills
A: permanent stasis, dig shafts and tunnels, antennae 3, four strong arms
a: Dig, Shaft Self, Renounce Religion, Upheaval, Elemental Force, Disaster Area


You were on level 2 of the Lair of Beasts.
You worshipped Qazlal.
Qazlal was extremely pleased with you.
You visited 2 branches of the dungeon, and saw 12 of its levels.
You also visited: Sewer and Gauntlet.

You collected 423 gold pieces.
You spent 42 gold pieces at shops.

Inventory:

Hand Weapons
 a - a +3 scimitar of freezing (weapon)
 b - a +4 sling of electrocution
 f - a +0 longbow
 P - a +3 battleaxe of flaming
Missiles
 j - 8 curare-tipped darts
 n - 5 boomerangs
 G - 29 poisoned darts (quivered)
 Q - 6 javelins
Armour
 c - a +0 buckler (worn)
 d - a +2 cloak (worn)
 m - a +1 plate armour (worn)
 x - a +2 pair of gloves (worn)
 H - a +0 pair of boots (worn)
 M - the +0 cloak "Munof" {Str+4}
   (You found it in a Gauntlet)

   Str:       It affects your strength (+4).
Jewellery
 e - the amulet "Mein" (around neck) {Faith rElec rF+}
   (You found it on level 5 of the Dungeon)

   [amulet of faith]

   It allows you to gain divine favour quickly.
   rF:        It protects you from fire.
   rElec:     It insulates you from electricity.
 g - a ring of protection from cold
 z - an amulet of reflection
 N - a +6 ring of intelligence
 O - a ring of magical power
Wands
 l - a wand of paralysis (16)
 y - a wand of mindburst (11)
 I - a wand of flame (26)
 J - a wand of light (1)
 R - a wand of roots (14)
Scrolls
 h - 2 scrolls of fear
 q - 8 scrolls of identify
 u - 2 scrolls of amnesia
 w - a scroll of revelation
 L - a scroll of brand weapon
 S - 2 scrolls of immolation
 T - a scroll of poison {unknown}
Potions
 i - a potion of magic {unknown}
 k - 3 potions of curing
 o - 2 potions of degeneration
 p - a potion of berserk rage {unknown}
 r - 8 potions of ambrosia
 s - 5 potions of haste {unknown}
 t - 9 potions of attraction {unknown}
 v - 3 potions of enlightenment {unknown}
 A - 3 potions of might
 B - 5 potions of heal wounds {unknown}
 C - 2 potions of invisibility {unknown}
 D - 5 potions of lignification {unknown}
 E - a potion of brilliance {unknown}
 F - a potion of cancellation {unknown}


   Skills:
 * Level 8.7 Fighting
 * Level 11.4 Long Blades
 * Level 8.8 Ranged Weapons
 + Level 0.6 Throwing
 * Level 11.9 Armour
 * Level 6.2 Dodging
 + Level 1.4 Stealth
 * Level 12.8 Shields
 * Level 7.5 Invocations
 + Level 1.1 Evocations


You had 12 spell levels left.
You didn't know any spells.
Your spell library contained the following spells:

 Spells                   Type           Power      Damage    Failure   Level
 Ensorcelled Hibernation  Hex/Ice        0%         N/A       100%        2
 Passwall                 Tmut/Erth      0%         N/A       100%        2
 Poisonous Vapours        Pois/Air       0%         N/A       100%        2
 Mephitic Cloud           Conj/Pois/Air  0%         N/A       100%        3
 Anguish                  Hex/Necr       0%         N/A       100%        4
 Freezing Cloud           Conj/Ice/Air   0%         6-21      100%        5
 Swiftness                Air            Unusable   N/A       N/A         3

Dungeon Overview and Level Annotations

Branches:
Dungeon (10/15)            Temple (0/1) D:7            Lair (2/5) D:9
  Snake (0/4) Lair:2        Sewer (visited)         Gauntlet (visited)
  Swamp: Lair:2-3    Shoals: Lair:2-3       Orc: D:9-12

Altars:
Ashenzari
Cheibriados
Elyvilon
Gozag
Hepliaklqana
Kikubaaqudgha
Qazlal
Ru
Uskayaw
Vehumet
Zin

Shops:
D:6 [   D:7 [   D:8 !


Innate Abilities, Weirdness & Mutations

You cannot be hasted, slowed, berserked, paralysed or teleported.
You can dig through walls and to a lower floor.
You have a pair of large antennae on your head. (SInv)
Your four strong arms can wield two-handed weapons with a shield.


Message History

Unknown command.
Unknown command.
You hit the polar bear.
The polar bear is heavily wounded.
Unknown command.
You closely miss the polar bear.
The polar bear is heavily wounded.
You block the polar bear's attack. The polar bear closely misses you.
You block the polar bear's attack.
You slash the polar bear! You freeze the polar bear.
The polar bear is severely wounded.
The polar bear is no longer moving slowly.
The polar bear goes berserk!
You hit the polar bear but do no damage.
The polar bear is almost dead.
You block the polar bear's attack.
The polar bear claws you but does no damage.
The polar bear closely misses you.
You hit the polar bear but do no damage.
The polar bear is severely wounded.
You block the polar bear's attack.
The polar bear claws you but does no damage.
You block the polar bear's attack.
You hit the polar bear but do no damage.
The polar bear is severely wounded.
You block the polar bear's attack. The polar bear barely misses you.
You block the polar bear's attack.
Unknown command.
You hit the polar bear but do no damage.
The polar bear is severely wounded.
You block the polar bear's attack.
The polar bear claws you but does no damage.
The polar bear claws you.
* * * LOW HITPOINT WARNING * * *
You feel protected from physical attacks.
The polar bear bites you!!
* * * LOW HITPOINT WARNING * * *
You feel more protected from physical attacks.
The polar bear claws you.
You die...

#...# ##(## #.(.# ##(.# ##(.#
#P(## ##. ##(.# #.. #... #h##
#.. #..# ##@.# #.. #..# #P○##
#### #.. ##..## #...# #
#.#.####.. #....# #P..#
...#..P.##... #P..##
##.###............† ##...##
####.....#.....|.....
#....P###.##.#..########.....
##..?.........### ##..>.
#.##.##.....## #######....


You could see a polar bear (berserk, very poisoned).

Vanquished Creatures
  A minotaur (Gauntlet)
  The ghost of Turtleman12345 the Fighter, a journeyman DrSh of Makhleb (D:9)
  A boulder beetle (D:9)
  A two-headed ogre (D:9)
  3 death yaks (Lair:2)
  A death scarab (Gauntlet)
  A skyshark (Lair:2)
  A manticore (D:10)
  2 moths of wrath (Gauntlet)
  Joseph (D:9)
  6 black mambas (Lair:2)
  4 cane toads
  A rime drake (Lair:1)
  3 komodo dragons
  3 kobold demonologists (D:9)
  A queen bee (D:10)
  A spectral dream sheep (Gauntlet)
  Grinder (D:6)
  A hornet (Lair:1)
  13 blink frogs
  A wyvern (D:8)
  A wraith (D:9)
  16 yaks
  A steam dragon (D:8)
  2 basilisks (Lair:2)
  3 redbacks (Gauntlet)
  Edmund (D:6)
  An acid dragon (D:10)
  11 water moccasins
  Duvessa (D:4)
  2 orc warriors
  7 ice beasts
  A sky beast (D:7)
  4 black bears
  2 ogres
  4 centaurs
  14 wolves
  10 kobold brigands
  A gnoll sergeant (D:7)
  8 bullfrogs
  5 scorpions
  4 wights
  Dowan (D:4)
  28 killer bees
  An electric eel (D:8)
  5 howler monkeys
  3 orc priests
  9 jellies
  Crazy Yiuf (D:2)
  2 gnoll boudas
  2 hounds
  3 iguanas
  Terence (D:2)
  Ijyb (D:3)
  10 orc wizards
  Robin (D:2)
  13 gnolls
  15 adders
  A river rat (Sewer)
  2 shadow imps
  A white imp (D:5)
  A worm (D:5)
  3 dart slugs
  24 orcs
  7 ball pythons
  6 endoplasms
  6 giant cockroaches
  20 goblins
  7 hobgoblins
  3 jackals (D:3)
  3 quokkas
  6 bats
  6 frilled lizards
  24 kobolds
  6 rats
369 creatures vanquished.

Notes
Turn   | Place    | Note
-------+----------+-------------------------------------------
     0 | D:1      | Morbidden the Formicid Fighter began the quest for the Orb.
     0 | D:1      | Reached XP level 1. HP: 18/18 MP: 1/1
   360 | D:1      | Reached XP level 2. HP: 24/24 MP: 2/2
  1335 | D:1      | Reached XP level 3. HP: 25/29 MP: 3/3
  1553 | D:2      | Reached skill level 1 in Ranged Weapons
  1564 | D:2      | Noticed Terence
  1573 | D:2      | Killed Terence
  1574 | D:2      | Reached XP level 4. HP: 37/37 MP: 4/4
  1878 | D:2      | Noticed Robin
  1889 | D:2      | Killed Robin
  1890 | D:2      | Reached XP level 5. HP: 37/42 MP: 5/5
  2337 | D:2      | Found a hide-covered altar of Uskayaw.
  2404 | D:2      | Found a runed translucent door.
  2405 | D:2      | Noticed Crazy Yiuf
  2643 | D:2      | Killed Crazy Yiuf
  2644 | D:2      | Reached skill level 1 in Dodging
  2740 | D:3      | Noticed Ijyb
  2755 | D:3      | Killed Ijyb
  2756 | D:3      | Reached XP level 6. HP: 23/48 MP: 6/6
  3104 | D:3      | Found a sacrificial altar of Ru.
  3105 | D:3      | Found a broken altar of Ashenzari.
  3105 | D:3      | Found a hide-covered altar of Uskayaw.
  3105 | D:3      | Found a stormy altar of Qazlal.
  3178 | D:3      | Became a worshipper of Qazlal Stormbringer
  3455 | D:4      | Noticed an ogre
  3468 | D:4      | Killed an ogre
  3469 | D:4      | Reached skill level 1 in Invocations
  3470 | D:4      | Found a hazy altar of Hepliaklqana.
  3477 | D:4      | Reached skill level 5 in Shields
  3477 | D:4      | Reached XP level 7. HP: 40/54 MP: 7/7
  3533 | D:4      | Noticed Duvessa
  3534 | D:4      | Noticed Dowan
  3543 | D:4      | Killed Duvessa
  3544 | D:4      | Reached skill level 5 in Armour
  3548 | D:4      | Killed Dowan
  3573 | D:4      | Found a glowing drain.
  3585 | Sewer    | Entered a sewer
  3632 | Sewer    | Reached * piety under Qazlal
  3812 | Sewer    | Reached skill level 1 in Evocations
  3812 | Sewer    | Reached XP level 8. HP: 41/60 MP: 9/9
  3874 | Sewer    | Found a shimmering altar of Xom.
  4326 | D:5      | Entered Level 5 of the Dungeon
  4469 | D:5      | Reached skill level 6 in Shields
  4709 | D:5      | Reached skill level 5 in Long Blades
  4876 | D:5      | Identified the amulet "Mein" {Faith rElec rF+}
  4984 | D:5      | Found a snail-covered altar of Cheibriados.
  5483 | D:6      | Reached XP level 9. HP: 42/66 MP: 9/11
  5746 | D:6      | Found Gullieh's Armour Shoppe.
  6140 | D:6      | Reached ** piety under Qazlal
  6358 | D:6      | Identified a scroll of acquirement
  6358 | D:6      | Acquired a manual of Armour
  6360 | D:6      | Noticed Edmund
  6360 | D:6      | Noticed Grinder
  6386 | D:6      | Killed Edmund
  6387 | D:6      | Reached skill level 5 in Fighting
  6387 | D:6      | Reached skill level 7 in Shields
  6406 | D:6      | Killed Grinder
  6765 | D:7      | Found Pisoseak's Armour Shoppe.
  6985 | D:7      | Reached XP level 10. HP: 74/74 MP: 12/12
  7045 | D:7      | Reached skill level 5 in Ranged Weapons
  7085 | D:7      | Found an ancient bone altar of Kikubaaqudgha.
  7159 | D:7      | Found a staircase to the Ecumenical Temple.
  7365 | D:7      | Found a white marble altar of Elyvilon.
  7557 | D:7      | Found a glowing silver altar of Zin.
  7645 | D:8      | Reached skill level 8 in Shields
  7747 | D:8      | Reached *** piety under Qazlal
  8219 | D:8      | Found Hoasmevu's Distillery.
  8248 | D:8      | Bought a potion of curing for 42 gold pieces
  8424 | D:8      | Found an opulent altar of Gozag.
  8752 | D:9      | Noticed a boulder beetle
  8769 | D:9      | Killed a boulder beetle
  8770 | D:9      | Reached skill level 9 in Shields
  8849 | D:9      | Noticed Joseph
  8855 | D:9      | Killed Joseph
  8856 | D:9      | Reached XP level 11. HP: 81/81 MP: 14/14
  9014 | D:9      | Noticed a two-headed ogre
  9023 | D:9      | Killed a two-headed ogre
  9024 | D:9      | Reached skill level 5 in Invocations
  9068 | D:9      | Reached skill level 10 in Shields
  9148 | D:9      | Reached **** piety under Qazlal
  9151 | D:9      | Found a staircase to the Lair.
  9193 | D:9      | Noticed Turtleman12345's ghost (journeyman DrSh)
  9193 | D:9      | Found a runed translucent gate.
  9193 | D:9      | Found a runed translucent gate.
  9193 | D:9      | Found a runed translucent gate.
  9432 | D:9      | Noticed a sixfirhy
  9432 | D:9      | Killed Turtleman12345's ghost
  9665 | D:10     | Entered Level 10 of the Dungeon
  9774 | D:10     | Noticed a manticore
  9779 | D:10     | Killed a manticore
 10601 | Lair:1   | Entered Level 1 of the Lair of Beasts
 10617 | Lair:1   | Reached XP level 12. HP: 46/89 MP: 16/16
 10618 | Lair:1   | Reached skill level 11 in Shields
 10663 | Lair:1   | Reached skill level 10 in Armour
 10684 | Lair:1   | Reached skill level 5 in Dodging
 10753 | Lair:1   | Found a gate leading to a gauntlet.
 10762 | Gauntlet | Entered a Gauntlet
 10762 | Gauntlet | Found a transporter.
 10762 | Gauntlet | Found a transporter.
 10769 | Gauntlet | Noticed a death scarab
 10927 | Gauntlet | Found a transporter.
 10927 | Gauntlet | Found a transporter.
 10936 | Gauntlet | Found a transporter.
 10961 | Gauntlet | Found a transporter.
 10961 | Gauntlet | Found a large runed translucent door.
 10962 | Gauntlet | Found a large runed translucent door.
 10964 | Gauntlet | Found a runed translucent gate.
 10965 | Gauntlet | Found a transporter.
 10965 | Gauntlet | Found a transporter.
 10968 | Gauntlet | Found a transporter.
 10972 | Gauntlet | Found a runed translucent gate.
 10972 | Gauntlet | Found a runed translucent gate.
 10974 | Gauntlet | Found a large runed translucent door.
 10975 | Gauntlet | Found a large runed translucent door.
 10975 | Gauntlet | Found a transporter.
 10975 | Gauntlet | Found a large runed translucent door.
 10976 | Gauntlet | Found a large runed translucent door.
 10977 | Gauntlet | Found a large runed translucent door.
 10977 | Gauntlet | Found a large runed translucent door.
 10977 | Gauntlet | Found a runed translucent door.
 10977 | Gauntlet | Found a runed translucent door.
 10978 | Gauntlet | Found a large runed translucent door.
 10979 | Gauntlet | Found a large runed translucent door.
 10981 | Gauntlet | Found a transporter.
 10986 | Gauntlet | Found a large runed translucent door.
 10988 | Gauntlet | Found a large runed translucent door.
 11027 | Gauntlet | Found a transporter.
 11060 | Gauntlet | Found a transporter.
 11074 | Gauntlet | Found a transporter.
 11090 | Gauntlet | Found a large runed translucent door.
 11090 | Gauntlet | Found a large runed translucent door.
 11091 | Gauntlet | Found a large runed translucent door.
 11092 | Gauntlet | Found a large runed translucent door.
 11182 | Gauntlet | Found a transporter.
 11188 | Gauntlet | Noticed a death scarab
 11196 | Gauntlet | Found a transporter.
 11336 | Gauntlet | Killed a death scarab
 11426 | Gauntlet | Reached skill level 10 in Long Blades
 11439 | Gauntlet | Identified the amulet "Javoes" {Faith Int+5}
 11482 | Gauntlet | Reached skill level 1 in Stealth
 11637 | Gauntlet | Identified the +0 cloak "Munof" {Str+4}
 11822 | Gauntlet | Noticed a minotaur
 11833 | Gauntlet | Killed a minotaur
 12045 | Lair:1   | Found a radiant altar of Vehumet.
 12324 | Lair:1   | Reached skill level 12 in Shields
 12674 | Lair:2   | Reached XP level 13. HP: 85/98 MP: 18/18
 12974 | Lair:2   | Reached ***** piety under Qazlal
 13513 | Lair:2   | Found a staircase to the Snake Pit.
 13727 | Lair:2   | HP: 2/99 [polar bear (18)]
 13727 | Lair:2   | Slain by a polar bear

Illustrated notes

Levels and vault maps discovered:
D:1:      dpeg_arrival_morbid_curiosity, layout_basic
D:2:      minmay_razor_zed, layout_basic, basic_altar,
          corexii_item_surrounded_by_moat, uniq_robin, uniq_terence,
          uniq_crazy_yiuf_cottage
D:3:      layout_rooms, chequers_temple_overflow_statue_of_worship,
          grunt_ministairs_5, minmay_misc_feat_roman, kennysheep_pointless_box,
          uniq_ijyb
D:4:      layout_rooms, lemuel_tele_altar, portal_sewer_entry_d,
          nicolae_figureground_sparkle, uniq_duvessa
D:5:      layout_rooms, mainiacjoe_overflow_paths
D:6:      layout_basic, serial_shops, nicolae_shop_stone, minivault_23,
          kb_lookout_dungeons_type, uniq_edmund, uniq_grinder
D:7:      layout_loops_ring, nicolae_elyvilon_peaceful_grove,
          lemuel_coloured_pillars_altar,
          mainiacjoe_overflow_concentric_impassable,
          minmay_temple_entry_statues_pillars, serial_shops, shop,
          minmay_diced_spiral
D:8:      layout_loops_ring, mainiacjoe_overflow_chevrons, serial_shops, shop,
          wad_floor_pattern_2, amcnicky_mini_pool_medium
D:9:      layout_rooms, due_lair_maze_entry_diamond,
          gammafunk_ghost_nasty_kobolds, uniq_joseph
D:10:     layout_roguey, special_room [special_room_bee]
Lair:1:   layout_hall_layers, basic_altar, gauntlet_entry_generic,
          grunt_megastairs_2
Lair:2:   layout_long_grid, skrybe_swamp_entry_bodies,
          minmay_snake_entry_six_corridors, chequers_serial_rivers_micro_d

Skill      XL: |  1  2  3  4  5  6  7  8  9 10 11 12 13 |
---------------+----------------------------------------+-----
Ranged Weapons | 1 2 3 4 6 7 8 |  8.8
Armour         | 4 5 6 7 9 11 | 11.9
Long Blades    | 3 4 5 7 8 9 10 11 | 11.4
Dodging        | 1 2 3 4 5 6 |  6.2
Fighting       | 4 5 6 7 8 |  8.7
Invocations    | 1 2 3 4 5 6 7 |  7.5
Shields        | 5 6 7 9 10 12 | 12.8
Evocations     | 1 |  1.1
Stealth        | 1 |  1.4
Throwing       | |  0.6

Action                     |  1- 3 |  4- 6 |  7- 9 | 10-12 | 13-15 || total
---------------------------+-------+-------+-------+-------+-------++-------
  Melee: Long sword        |    99 |   188 |   299 |   103 |       ||   689
         Scimitar          |       |       |       |   341 |   176 ||   517
   Fire: Sling             |    17 |    11 |    43 |    26 |       ||    97
         Longbow           |       |       |    22 |    65 |       ||    87
  Throw: Boomerang         |       |       |     7 |       |       ||     7
         Dart              |       |       |       |    13 |     7 ||    20
 Invoke: Upheaval          |       |       |       |     2 |     1 ||     3
         Elemental Force   |       |       |       |     1 |       ||     1
Ability: Dig               |       |       |     1 |       |       ||     1
  Evoke: Wand              |       |     5 |     8 |     4 |       ||    17
    Use: Potion            |       |     1 |     1 |     5 |       ||     7
         Scroll            |       |     2 |    10 |     3 |       ||    15
   Stab: Paralysed         |       |       |       |     6 |       ||     6
         Invisible         |       |       |       |     1 |       ||     1
 Armour: Scale mail        |    54 |     5 |       |       |       ||    59
         Plate armour      |       |   151 |   179 |   261 |    83 ||   674
  Dodge: Dodged            |    52 |    67 |    75 |   140 |    43 ||   377
         Repelled          |       |       |       |     1 |       ||     1
  Block: Buckler           |    27 |    52 |   220 |   537 |   104 ||   940
         Reflection        |       |       |     7 |    21 |       ||    28

Table legend: (Time is in decaauts)
 A = Elapsed time spent in this place.
 B = Non-inter-level travel time spent in this place.
 C = Inter-level travel time spent in this place.
 D = Time resting spent in this place.
 E = Time spent auto-exploring this place.
 F = Levels seen in this place.
 G = Mean time per level.
                   A        B        C        D        E       F      G
               +--------+--------+--------+--------+--------+-----+--------+
         Total |  13980 |  13524 |    456 |   2810 |   7650 |  14 |  998.6 |
       Dungeon |  10443 |  10016 |    427 |   2011 |   5884 |  10 | 1044.3 |
          Lair |   1877 |   1848 |     29 |    318 |   1019 |   2 |  938.5 |
         Sewer |    447 |    447 |      0 |      0 |    301 |   1 |  447.0 |
      Gauntlet |   1212 |   1212 |      0 |    481 |    446 |   1 | 1212.0 |
               +--------+--------+--------+--------+--------+-----+--------+

Top non-repeatable levels by time:
     D:6: 1593 daAuts
     D:1: 1439 daAuts
     D:2: 1360 daAuts
Gauntlet: 1212 daAuts
     D:9: 1054 daAuts
  Lair:2: 1048 daAuts
     D:8: 1041 daAuts
    D:10: 917 daAuts
     D:7: 908 daAuts
  Lair:1: 829 daAuts
     D:4: 787 daAuts
     D:3: 697 daAuts
     D:5: 644 daAuts
   Sewer: 447 daAuts
